 Dungeon Crawl Stone Soup version 0.19.0-19-g8c6edcc (webtiles) character file.

1276 JeffiDaFish the Cudgeler (level 8, -6/49 HPs)
             Began as a Gargoyle Fighter on Nov 12, 2016.
             Mangled by an orc warrior
             ... wielding a +0 glaive
              (8 damage)
             ... on level 6 of the Dungeon.
             The game lasted 00:14:33 (5807 turns).

JeffiDaFish the Cudgeler (Gargoyle Fighter)         Turns: 5807, Time: 00:14:34

Health: -6/49      AC: 20    Str: 20 (22) XL:     8   Next: 54%
Magic:  8/8        EV: 12    Int: 12 (14) God:
Gold:   286        SH: 10    Dex: 13 (15) Spells: 0 memorised, 7 levels left

rFire  . . .     SeeInvis .     C - +1 mace "Suon" {drain, Int+2 Stlth+} (curse)
rCold  . . .     Gourm    .     v - +0 chain mail
rNeg   + . .     Faith    .     c - +0 shield
rPois  ∞         Spirit   .     y - +1 hat
rElec  +         Reflect  .     E - +2 cloak
rCorr  .         Harm     .     e - +0 pair of gloves
MR     +....                    (no boots)
Stlth  ..........               (no amulet)
                                u - +2 ring of strength
                                o - ring of protection from magic

@: agile
A: clever 1, negative energy resistance 1, screaming 1, electricity resistance,
unbreathing, petrification resistance, rot immunity, MP-powered wands, AC +5
a: no special abilities


You were on level 6 of the Dungeon.
You were not hungry.

You visited 1 branch of the dungeon, and saw 6 of its levels.

You collected 286 gold pieces.

Inventory:

Hand Weapons
 C - the cursed +1 mace "Suon" (weapon) {drain, Int+2 Stlth+}
   (You found it on level 5 of the Dungeon)

   A truly terrible weapon, it drains the life of those it strikes.
   It affects your intelligence (+2).
   It makes you more stealthy.
   It has a curse placed upon it.
Armour
 c - a +0 shield (worn)
 e - a +0 pair of gloves (worn)
 v - a +0 chain mail (worn)
 y - a +1 hat (worn)
 E - a +2 cloak (worn)
Jewellery
 o - a ring of protection from magic (left hand)
 u - a +2 ring of strength (right hand)
 w - a +3 ring of intelligence
Wands
 g - a wand of flame (6/48)
 n - a wand of flame (20/48)
Scrolls
 a - 2 scrolls of fog
 b - a scroll of amnesia
 r - 2 scrolls of teleportation
 A - a scroll of magic mapping
 B - a scroll of fear
Potions
 k - a potion of agility
 m - a potion of degeneration
 q - 2 potions of brilliance
 z - 2 potions of cancellation
 D - 2 potions of haste
Books
 s - a book of Misfortune

   Spells                             Type                      Level
   a - Confusing Touch                Hexes                        1
   b - Confuse                        Hexes                        3
   c - Gell's Gravitas                Hexes/Translocation          3
   d - Petrify                        Transmutation/Earth          4
   e - Metabolic Englaciation         Hexes/Ice                    5
   f - Yara's Violent Unravelling     Hexes/Transmutation          5
Comestibles
 d - 4 chunks of flesh
 f - 4 bread rations
 h - a slice of pizza
 i - 2 meat rations
 j - 3 fruits
 p - 2 royal jellies


   Skills:
 + Level 5.2 Fighting
 + Level 6.4 Maces & Flails
 + Level 5.4 Armour
 + Level 2.2 Dodging
 + Level 0.5 Stealth
 + Level 6.1 Shields


You had 7 spell levels left.
You didn't know any spells.

Dungeon Overview and Level Annotations

Branches:
Dungeon (6/15)
 Temple: D:4-7

Altars:
Ashenzari
Kikubaaqudgha
Okawaru
Trog
Vehumet
Xom


Innate Abilities, Weirdness & Mutations

You are resistant to torment.
Your stone body is resilient. (AC +5)
You are immune to poison.
You resist negative energy. (rN+)
You are resistant to electric shocks. (rElec)
You can survive without breathing.
You are immune to petrification.
You are immune to rotting.
Your mind is acute. (Int +2)
You occasionally shout uncontrollably at your foes.
You expend magic power (3 MP) to strengthen your wands.


Message History

The orc priest hits you but does no damage.
Some of the chunks of flesh in your inventory have rotted away.
You barely miss the orc priest.
The orc priest is heavily wounded.
You block the orc warrior's attack. The orc priest closely misses you.
You hit the orc priest. You drain the orc priest!
The orc priest is almost dead.
You block the orc priest's attack.
The orc warrior hits you but does no damage.
The orc priest looks encouraged for a moment.
You barely miss the orc priest.
The orc priest is almost dead.
The orc priest completely misses you.
The orc warrior hits you but does no damage.
The orc priest miscasts a cantrip.
You hit the orc priest.
You kill the orc priest!
You feel your dexterity returning. The orc warrior hits you with a glaive!
You die...

.### ... #.. #..### #
#....#.# .
.#####.#.#.######### ..:
....................
.....######=.###########
>...o.o@.)..............
###..#o#))##.###########
# ......##.# #
#.#.#.###.# .....#.. #.#
#...##?.. #.# #..#
#.#....# #.. #. .###


You could see an orc warrior, an orc priest and an orc.

Vanquished Creatures
  The ghost of Joebear the Ruffian, an amateur TrMo (D:5)
  An ogre (D:6)
  2 scorpions (D:5)
  The ghost of Joebear the Ruffian, a weakling DrTm (D:3)
  2 vampire bats (D:2)
  A crimson imp (D:5)
  A centaur skeleton (D:4)
  4 orc wizards
  4 orc priests
  Crazy Yiuf (D:2)
  Jessica (D:2)
  Ijyb (D:2)
  4 worker ants
  15 adders
  14 gnolls
  An ooze (D:2)
  An adder skeleton (D:4)
  A worm (D:2)
  2 dart slugs (D:3)
  A leopard gecko (D:2)
  18 orcs
  3 bat skeletons (D:2)
  2 bat zombies (D:2)
  5 giant cockroaches
  9 goblins
  8 hobgoblins
  18 jackals
  6 kobolds
  2 quokkas (D:5)
  2 ball pythons (D:3)
  6 bats
  4 frilled lizards (D:3)
  A jackal zombie (D:6)
  7 rats
150 creatures vanquished.

Notes
Turn   | Place    | Note
-------+----------+-------------------------------------------
     0 | D:1      | JeffiDaFish the Gargoyle Fighter began the quest for the Orb.
     0 | D:1      | Reached XP level 1. HP: 14/14 MP: 1/1
    78 | D:1      | Reached XP level 2. HP: 19/19 MP: 2/2
   729 | D:2      | Reached XP level 3. HP: 11/24 MP: 3/3
  1052 | D:2      | Reached XP level 4. HP: 29/29 MP: 4/4
  1116 | D:2      | Found an iron altar of Okawaru.
  1280 | D:2      | Gained mutation: Your mind is acute. (Int +2) [potion of mutation]
  1280 | D:2      | Gained mutation: You occasionally shout uncontrollably at your foes. [potion of mutation]
  1280 | D:2      | Gained mutation: You expend magic power (3 MP) to strengthen your wands. [potion of mutation]
  1298 | D:2      | Noticed Ijyb
  1314 | D:2      | Killed Ijyb
  1521 | D:2      | Found a bloodstained altar of Trog.
  1636 | D:2      | Noticed Jessica
  1646 | D:2      | Killed Jessica
  1646 | D:2      | Reached XP level 5. HP: 31/33 MP: 5/5
  1800 | D:2      | Found a shattered altar of Ashenzari.
  1949 | D:2      | Found a runed door.
  1955 | D:2      | Noticed Crazy Yiuf
  1964 | D:2      | Killed Crazy Yiuf
  1998 | D:2      | Reached skill level 1 in Dodging
  2125 | D:2      | Found an ancient bone altar of Kikubaaqudgha.
  2128 | D:2      | Reached XP level 6. HP: 39/39 MP: 6/6
  2496 | D:3      | Noticed Joebear's ghost (weakling DrTm)
  2522 | D:3      | Killed Joebear's ghost
  3335 | D:4      | Reached XP level 7. HP: 41/44 MP: 7/7
  3718 | D:4      | Reached skill level 5 in Shields
  3808 | D:4      | Reached skill level 5 in Armour
  4624 | D:5      | Entered Level 5 of the Dungeon
  4639 | D:5      | Noticed Joebear's ghost (amateur TrMo)
  4673 | D:5      | Killed Joebear's ghost
  4673 | D:5      | Reached skill level 5 in Maces & Flails
  4846 | D:5      | Found a radiant altar of Vehumet.
  4856 | D:5      | Reached XP level 8. HP: 48/48 MP: 8/8
  5223 | D:5      | Got an iridescent mace
  5224 | D:5      | Identified the cursed +1 mace "Suon" {drain, Int+2 Stlth+} (You found it on level 5 of the Dungeon)
  5465 | D:6      | Reached skill level 5 in Fighting
  5515 | D:6      | Found a shimmering altar of Xom.
  5802 | D:6      | HP: 1/49 [orc warrior/glaive (21)]
  5807 | D:6      | Mangled by an orc warrior

Skill      XL: |  1  2  3  4  5  6  7  8 |
---------------+-------------------------+-----
Shields        | 4 5 6 |  6.1
Maces & Flails | 3 4 5 6 |  6.4
Fighting       | 4 5 |  5.2
Armour         | 4 5 |  5.4
Dodging        | 1 2 |  2.2
Stealth        | |  0.5

Action                   |  1- 3 |  4- 6 |  7- 9 || total
-------------------------+-------+-------+-------++-------
Melee: Flail             |   100 |   237 |   260 ||   597
       Mace              |       |       |   100 ||   100
  Use: Potion            |     3 |     5 |     5 ||    13
       Scroll            |     1 |     9 |     7 ||    17
  Eat: Chunk             |     1 |     8 |     8 ||    17
Armor: Scale mail        |    70 |   169 |    20 ||   259
       Chain mail        |       |       |   235 ||   235
Dodge: Dodged            |    41 |   115 |   123 ||   279
Block: Shield            |    66 |   155 |   246 ||   467
